 Dungeon Crawl Stone Soup version 0.21.0-24-g2553a33 (webtiles) character file.

4869 Gorglomux the Blocker (level 10, -26/94 HPs)
             Began as a Deep Dwarf Fighter on Jan 20, 2018.
             Was a Priest of Makhleb.
             Killed from afar by a fire dragon (34 damage)
             ... with a blast of flame
             ... on level 9 of the Dungeon.
             The game lasted 00:05:01 (6135 turns).

Gorglomux the Blocker (Deep Dwarf Fighter)          Turns: 6135, Time: 00:05:01

Health: -26/94     AC: 17    Str: 28      XL:     10   Next: 26%
Magic:  9/9        EV:  6    Int:  9      God:    Makhleb [***...]
Gold:   493        SH: 12    Dex: 16 (17) Spells: 9/9 levels left

rFire    . . .     SeeInvis .   a - +0 war axe
rCold    . . .     Gourm    .   c - +0 shield
rNeg     . . .     Faith    .   g - +0 plate armour
rPois    +         Spirit   .   (no helmet)
rElec    .         Reflect  .   X - +2 cloak
rCorr    .         Harm     .   (no gloves)
MR       +....                  (no boots)
Stlth    ..........             (no amulet)
HPRegen  0.00/turn              o - ring of poison resistance
MPRegen  0.11/turn              Y - +5 ring of dexterity

@: mighty, non-regenerating
A: damage resistance, heal wounds, sense surroundings 2, no regeneration
a: Heal Wounds, Minor Destruction, Lesser Servant of Makhleb, Renounce Religion


You were on level 9 of the Dungeon.
You worshipped Makhleb.
Makhleb was most pleased with you.
You were not hungry.

You visited 2 branches of the dungeon, and saw 10 of its levels.

You collected 493 gold pieces.

Inventory:

Hand Weapons
 a - a +0 war axe (weapon)
Armour
 c - a +0 shield (worn)
 g - a +0 plate armour (worn)
 X - a +2 cloak (worn)
Jewellery
 o - a ring of poison resistance (left hand)
 s - an uncursed ring of see invisible
 Y - a +5 ring of dexterity (right hand)
Wands
 P - a wand of paralysis (15)
Scrolls
 l - a scroll of blinking {unknown}
 p - 4 scrolls of remove curse
 J - a scroll of fog {unknown}
 K - a scroll of enchant armour
 M - 2 scrolls of magic mapping
 R - a scroll of identify
 T - 3 scrolls of teleportation
 W - a scroll of enchant weapon {unknown}
 Z - 3 scrolls of immolation {unknown}
Potions
 d - 2 potions of might
 m - 3 potions of ambrosia
 I - a potion of flight {unknown}
 L - 2 potions of agility {unknown}
 N - 2 potions of cancellation {unknown}
 O - 2 potions of brilliance {unknown}
 Q - 9 potions of curing
 U - a potion of haste
 V - a potion of invisibility {unknown}
Comestibles
 f - 16 rations


   Skills:
 + Level 7.0 Fighting
 + Level 8.0 Axes
 + Level 8.4 Armour
 + Level 8.4 Shields
 + Level 7.1 Invocations


You had 9 spell levels left.
You didn't know any spells.

Dungeon Overview and Level Annotations

Branches:
Dungeon (9/15)             Temple (1/1) D:4
   Lair: D:8-11         Orc: D:9-12

Altars:
Ashenzari
Cheibriados
Dithmenos
Elyvilon
Fedhas
Gozag
Hepliaklqana
Kikubaaqudgha
Makhleb
Nemelex Xobeh
Okawaru
Qazlal
Ru
Sif Muna
Trog
Uskayaw
Vehumet
Wu Jian
Xom
Yredelemnul
Zin
The Shining One


Innate Abilities, Weirdness & Mutations

You are resistant to damage.
You can heal yourself by infusing magical energy.
You passively map the area around you.
You do not regenerate.


Message History

The fire dragon bites you butt does no damage!
The fire dragon claws you!
The fire dragon tramples you but does no damage!
Unknown command!
Your butt armour prevents you from hitting the fire dragon!
The fire dragon butts lightly wounded!
The fire dragon breathes flames at you!
The blast of flame hits you!!! * * * don't die
* * * You butt a roar!!!
You barely miss the fire dragon!
The butt dragon is lightly wounded!
The fire dragon bites you!
The butt butt claws you but does no damage!
You block the fire dragon's attack!
You carve the butt dragon like a ham!!!
The fire dragon is lightly wounded!
The fire butt breathes flames at butt!
The blast of flame hits you!!! rip

....#...# ,*,
....'...#.
....#...#.. ,
#+####..#...######
....##..#........#
....##..#......Rs#
....##..#......lF#
........###* * #D#
....##....######@#
######...........#
#.....########
##...## #####


You could see a fire dragon, a komodo dragon, an efreet, a bullfrog and a
scorpion.

Vanquished Creatures
  A two-headed ogre (D:8)
  A manticore (D:9)
  Joseph (D:8)
  2 hungry ghosts
  3 orc warriors
  A necrophage (D:8)
  3 sky beasts
  5 ogres
  The ghost of tidbits the Grave Robber, an amateur GnNe (D:3)
  A centaur (D:8)
  A big kobold (D:9)
  A gnoll sergeant (D:7)
  2 bullfrogs
  4 scorpions
  A water moccasin skeleton (D:6)
  A howler monkey (D:4)
  4 wights (D:7)
  2 crimson imps
  2 jellies
  A quasit (D:9)
  3 orc priests
  12 orc wizards
  5 hounds
  A centaur skeleton (D:7)
  An iguana (D:8)
  7 worker ants
  2 killer bee zombies
  A hound zombie (D:8)
  2 hound skeletons (D:8)
  A worker ant zombie (D:5)
  9 gnolls
  8 adders
  A shadow imp (D:6)
  2 oozes
  An adder skeleton (D:6)
  4 worms
  5 leopard geckos
  36 orcs
  2 bats
  10 giant cockroaches
  9 goblins
  10 hobgoblins
  21 jackals
  3 quokkas
  2 ball pythons
  10 frilled lizards
  A jackal skeleton (D:6)
  12 kobolds
  A leopard gecko skeleton (D:7)
  A leopard gecko zombie (D:8)
  A quokka zombie (D:5)
  9 rats
231 creatures vanquished.

Vanquished Creatures (others)
  A quokka (D:5)
1 creature vanquished.

Grand Total: 232 creatures vanquished

Notes
Turn   | Place    | Note
-------+----------+-------------------------------------------
     0 | D:1      | Gorglomux the Deep Dwarf Fighter began the quest for the Orb.
     0 | D:1      | Reached XP level 1. HP: 20/20 MP: 1/1
    56 | D:1      | Reached XP level 2. HP: 24/27 MP: 2/2
   336 | D:1      | Reached skill level 3 in Fighting
   514 | D:2      | Reached XP level 3. HP: 25/34 MP: 3/3
   524 | D:2      | Noticed a scorpion
   531 | D:2      | Killed a scorpion
   531 | D:2      | Reached skill level 3 in Axes
   531 | D:2      | Reached XP level 4. HP: 26/42 MP: 4/4
   577 | D:2      | Found a blossoming altar of Fedhas.
   885 | D:2      | Reached XP level 5. HP: 33/49 MP: 4/4
  1283 | D:3      | Noticed tidbits's ghost (amateur GnNe)
  1297 | D:3      | HP: 1/49 [tidbits's ghost/vampiric draining (3)]
  1300 | D:3      | Killed tidbits's ghost
  1533 | D:3      | Found a deep blue altar of Sif Muna.
  1607 | D:3      | Reached XP level 6. HP: 54/57 MP: 4/4
  2085 | D:4      | Found a hide-covered altar of Uskayaw.
  2087 | D:4      | Noticed a dagger
  2087 | D:4      | Noticed a dagger
  2289 | D:4      | Reached XP level 7. HP: 37/64 MP: 4/4
  2307 | D:4      | Found a shadowy altar of Dithmenos.
  2345 | D:4      | Found a staircase to the Ecumenical Temple.
  2363 | Temple   | Entered the Ecumenical Temple
  2541 | Temple   | Became a worshipper of Makhleb the Destroyer
  2774 | D:4      | Found a glowing golden altar of the Shining One.
  2802 | D:4      | Found a hazy altar of Hepliaklqana.
  3035 | D:5      | Entered Level 5 of the Dungeon
  3438 | D:5      | Reached skill level 1 in Invocations
  3514 | D:5      | Found a white marble altar of Elyvilon.
  3728 | D:6      | Reached skill level 6 in Armour
  3743 | D:6      | Reached skill level 6 in Shields
  3743 | D:6      | Reached XP level 8. HP: 50/74 MP: 5/5
  3812 | D:6      | Reached * piety under Makhleb
  3933 | D:6      | Found a bloodstained altar of Trog.
  3979 | D:6      | Reached skill level 3 in Invocations
  4310 | D:7      | Reached skill level 6 in Axes
  4363 | D:7      | Found a sacrificial altar of Ru.
  4574 | D:7      | Reached ** piety under Makhleb
  4729 | D:7      | Found a stormy altar of Qazlal.
  4868 | D:7      | Gained mutation: You passively map the area around you. [Deep Dwarf growth]
  4868 | D:7      | Reached XP level 9. HP: 82/82 MP: 8/8
  4919 | D:7      | Reached skill level 6 in Fighting
  5403 | D:8      | Noticed Joseph
  5418 | D:8      | Killed Joseph
  5433 | D:8      | Reached *** piety under Makhleb
  5459 | D:8      | Noticed a two-headed ogre
  5473 | D:8      | Killed a two-headed ogre
  5473 | D:8      | Reached skill level 6 in Invocations
  5618 | D:8      | Reached XP level 10. HP: 82/92 MP: 9/9
  5701 | D:8      | Found a burning altar of Makhleb.
  6082 | D:9      | Found a basalt altar of Yredelemnul.
  6112 | D:9      | Noticed a fire dragon
  6112 | D:9      | Noticed a manticore
  6128 | D:9      | Killed a manticore
  6135 | D:9      | Killed from afar by a fire dragon

Skill      XL: |  1  2  3  4  5  6  7  8  9 10 |
---------------+-------------------------------+-----
Fighting       | 3 4 5 6 7 |  7.0
Axes           | 3 4 5 6 7 8 |  8.0
Armour         | 4 5 6 7 8 |  8.4
Shields        | 4 5 6 8 |  8.4
Invocations    | 1 4 6 7 |  7.1

Action                   |  1- 3 |  4- 6 |  7- 9 | 10-12 || total
-------------------------+-------+-------+-------+-------++-------
Melee: War axe           |    81 |   239 |   513 |    88 ||   921
 Abil: Heal Wounds       |       |     7 |    12 |     4 ||    23
  Use: Scroll            |       |     1 |    10 |       ||    11
       Potion            |       |       |       |     1 ||     1
 Stab: Paralysed         |       |       |     1 |       ||     1
  Eat: Chunk             |       |     5 |    15 |     4 ||    24
       Ration            |       |       |       |     1 ||     1
Armor: Scale mail        |    26 |   101 |    80 |       ||   207
       Plate armour      |       |       |   191 |    86 ||   277
Dodge: Dodged            |    31 |    62 |   118 |    32 ||   243
Block: Shield            |    41 |   130 |   320 |    79 ||   570
